 Dungeon Crawl Stone Soup version 0.30-a0-571-gdf30a72648 (webtiles) character file.

Game seed: 11514764453526886482

8746 wormed the Covert (level 11, -3/58 HPs)
             Began as a Spriggan Hunter on Dec 29, 2022.
             Was an Initiate of Okawaru.
             Shot with an arrow by a centaur warrior (14 damage)
             ... on level 13 of the Dungeon.
             The game lasted 00:26:59 (12524 turns).

wormed the Covert (Spriggan Hunter)                Turns: 12524, Time: 00:26:59

Health: -3/58      AC:  9    Str:  7    XL:     11   Next: 14%
Magic:  12/12      EV: 27    Int: 12    God:    Okawaru [......]
Gold:   542        SH:  0    Dex: 22    Spells: 10/10 levels left

rFire   + . .      SeeInvis +    a - +0 shortbow
rCold   + . .      Faith    +    (shield currently unavailable)
rNeg    . . .      Spirit   .    m - +2 robe {rC+ rF+}
rPois   .          Reflect  .    (helmet restricted)
rElec   .          Harm     .    d - +0 cloak
rCorr   .          Rampage  .    (gloves unavailable)
Will    ++...                    (boots unavailable)
Stlth   +++++                    H - amulet of faith
HPRegen 0.29/turn                A - ring of willpower
MPRegen 0.13/turn                G - +4 ring of protection

@: very quick
A: very small, no large weapons, unfitting armour, see invisible, speed 3
a: Renounce Religion


You were on level 13 of the Dungeon.
You worshipped Okawaru.
Okawaru was noncommittal.
You visited 2 branches of the dungeon, and saw 12 of its levels.

You collected 542 gold pieces.

Inventory:

Hand Weapons
 a - a +0 shortbow (weapon)
Missiles
 F - 2 throwing nets
Armour
 d - a +0 cloak (worn)
 m - a +2 robe of resistance (worn)
Jewellery
 f - a ring of protection from fire
 n - a ring of wizardry
 r - a ring of magical power
 A - a ring of willpower (left hand)
 B - a ring of wizardry
 G - a +4 ring of protection (right hand)
 H - an amulet of faith (around neck)
 K - an amulet of magic regeneration
Wands
 c - a wand of charming (7)
 t - a wand of quicksilver (41)
 v - a wand of roots (12)
Scrolls
 b - 4 scrolls of immolation
 e - 2 scrolls of teleportation
 g - 2 scrolls of blinking {unknown}
 h - 3 scrolls of poison {unknown}
 i - 3 scrolls of fog {unknown}
 q - a scroll of amnesia {unknown}
 s - 3 scrolls of vulnerability {unknown}
 u - a scroll of enchant armour {unknown}
 y - a scroll of acquirement {unknown}
 E - a scroll of noise {unknown}
Potions
 j - 3 potions of attraction
 k - 2 potions of cancellation
 l - a potion of resistance
 o - 4 potions of curing
 p - 2 potions of lignification {unknown}
 w - a potion of brilliance {unknown}
 x - a potion of might {unknown}
 z - 3 potions of berserk rage
 C - 2 potions of ambrosia {unknown}
 D - 2 potions of heal wounds {unknown}
 I - a potion of mutation {unknown}
 J - a potion of haste {unknown}


   Skills:
 + Level 6.7 Fighting
 * Level 11.7 Ranged Weapons
 + Level 10.5 Dodging
 + Level 12.1 Stealth


You had 10 spell levels left.
You didn't know any spells.
Your spell library contained the following spells:

 Spells                   Type           Power      Damage    Failure   Level
 Apportation              Tloc           0%         N/A       32%         1
 Necrotise                Necr           0%         1d4       32%         1
 Sting                    Tmut/Pois      0%         1d3       32%         1
 Blink                    Tloc           0%         N/A       45%         2
 Poisonous Vapours        Pois/Air       0%         N/A       45%         2
 Manifold Assault         Tloc           0%         N/A       97%         4
 Olgreb's Toxic Radiance  Pois           0%         N/A       97%         4
 Storm Form               Tmut/Air       0%         N/A       100%        7
 Summon Small Mammal      Summ           Unusable   N/A       N/A         1

Dungeon Overview and Level Annotations

Branches:
Dungeon (10/15)            Temple (1/1) D:6            Lair (0/5) D:10
    Orc: D:9-12

Altars:
Ashenzari
Cheibriados
Dithmenos
Elyvilon
Fedhas
Gozag
Hepliaklqana
Kikubaaqudgha
Makhleb
Nemelex Xobeh
Okawaru
Qazlal
Ru
Sif Muna
Trog
Uskayaw
Vehumet
Wu Jian
Xom
Yredelemnul
Zin
The Shining One

Shops:
D:1 ?   D:5 *   D:10 (

Annotations:
D:10 Psyche, Urug


Innate Abilities, Weirdness & Mutations

You are very small and have problems with some larger weapons.
You are too small for most types of armour.
You have supernaturally acute eyesight. (SInv)
You cover ground extremely quickly. (Speed+++)


Message History

You shoot an arrow.
The arrow hits the chaos spawn but does no damage.
The chaos spawn is severely wounded.
You shoot an arrow.
The arrow closely misses the chaos spawn.
You shoot an arrow. The arrow hits the chaos spawn!
The chaos spawn is almost dead.
You shoot an arrow. The arrow hits the chaos spawn.
The chaos spawn is almost dead.
You shoot an arrow.
The arrow hits the chaos spawn but does no damage.
The chaos spawn is almost dead.
You shoot an arrow. The arrow hits the chaos spawn!
You kill the chaos spawn!
Okawaru accepts your kill.
The chaos spawn degenerates into a cloud of primal chaos!
No target in view!
You shoot an arrow.
The arrow hits the centaur warrior but does no damage.
The centaur warrior shouts!
The centaur warrior wields a +0 shortbow.
The centaur warrior shoots an arrow.
The arrow completely misses you.
The centaur warrior shoots an arrow.
The arrow closely misses you.
You shoot an arrow.
The arrow completely misses the centaur warrior.
The centaur warrior shoots an arrow.
The arrow hits you!
You shoot an arrow.
The arrow closely misses the centaur warrior.
The centaur warrior shoots an arrow.
The arrow hits you!
You shoot an arrow.
The arrow barely misses the centaur warrior.
The centaur warrior shoots an arrow.
The arrow completely misses you.
You shoot an arrow. The arrow hits the centaur warrior!
The centaur warrior is moderately wounded.
You shoot an arrow. The arrow hits the centaur warrior!
The centaur warrior is heavily wounded.
The centaur warrior shoots an arrow.
The arrow hits you!!
* * * LOW HITPOINT WARNING * * *
The centaur warrior shoots an arrow.
The arrow hits you!
You die...

#...............
#.............# .#
####..........###...
##...............
#..............<
#.......c###....
#.####...# . #.#
#...# # #.# #..@#
....# #.#
#...###....#
#.####..........#
#................
#................
#................
#####............
#..........P♣
#.........P.P


You could see a centaur warrior.

Vanquished Creatures
  A two-headed ogre (D:9)
  A deep elf pyromancer (D:6)
  Maggie (D:8)
  2 trolls
  Grinder (D:3)
  A shadow (D:10)
  12 yaks
  2 wyverns
  A steam dragon (D:5)
  A chaos spawn (D:13)
  2 water moccasins
  2 black bears
  4 orc warriors
  2 ice beasts
  2 ogres
  4 centaurs
  A phantom (D:6)
  3 kobold brigands
  2 bullfrogs (D:7)
  A necrophage (D:5)
  2 scorpions
  12 wights
  12 killer bees
  6 howler monkeys
  5 orc priests
  2 hounds
  3 jellies
  Crazy Yiuf (D:2)
  A gnoll bouda (D:8)
  2 iguanas (D:6)
  9 orc wizards
  Robin (D:2)
  12 adders
  5 gnolls (D:8)
  3 shadow imps (D:6)
  A white imp (D:6)
  2 ufetubi
  A worm (D:2)
  3 dart slugs
  39 orcs
  3 ball pythons
  7 bats
  6 endoplasms
  4 giant cockroaches
  16 goblins
  9 hobgoblins
  3 quokkas
  6 frilled lizards
  24 kobolds
  4 rats
  A spectral orc (D:6)
251 creatures vanquished.

Vanquished Creatures (others)
  An orc wizard (D:4)
  13 plants
14 creatures vanquished.

Grand Total: 265 creatures vanquished

Notes
Turn   | Place    | Note
-------+----------+-------------------------------------------
     0 | D:1      | wormed the Spriggan Hunter began the quest for the Orb.
     0 | D:1      | Reached XP level 1. HP: 10/10 MP: 2/2
   203 | D:1      | Reached skill level 2 in Stealth
   213 | D:1      | Reached XP level 2. HP: 15/15 MP: 3/3
   464 | D:1      | Found Wyivy's Magic Scroll Shop.
   467 | D:1      | Reached XP level 3. HP: 17/18 MP: 4/4
  1003 | D:2      | Found a runed translucent door.
  1004 | D:2      | Noticed Crazy Yiuf
  1061 | D:2      | Reached skill level 3 in Stealth
  1140 | D:2      | Noticed Robin
  1243 | D:2      | Reached XP level 4. HP: 23/23 MP: 5/5
  1511 | D:2      | Found a faded altar of an unknown god.
  1626 | D:2      | Killed Crazy Yiuf
  1631 | D:2      | Killed Robin
  1632 | D:2      | Reached skill level 5 in Ranged Weapons
  1747 | D:3      | Reached XP level 5. HP: 27/27 MP: 6/6
  1914 | D:3      | Reached skill level 4 in Stealth
  2030 | D:3      | Noticed Grinder
  2068 | D:3      | Paralysed by Grinder for 2 turns
  2692 | D:3      | Paralysed by Grinder for 4 turns
  2719 | D:3      | Paralysed by Grinder for 3 turns
  2732 | D:3      | Paralysed by Grinder for 3 turns
  2776 | D:3      | Killed Grinder
  2777 | D:3      | Reached skill level 5 in Stealth
  2777 | D:3      | Reached XP level 6. HP: 19/32 MP: 7/7
  2997 | D:4      | Found a shimmering altar of Xom.
  3137 | D:4      | Reached skill level 5 in Dodging
  3140 | D:4      | Reached XP level 7. HP: 36/36 MP: 8/8
  3501 | D:4      | Found a snail-covered altar of Cheibriados.
  3599 | D:4      | Identified the +3 whip "Dyibar" {heavy, Str+4 Int+5 Stlth-}
  3771 | D:5      | Entered Level 5 of the Dungeon
  3779 | D:5      | Found Vott's Assorted Antiques.
  3807 | D:5      | Found a broken altar of Ashenzari.
  4035 | D:4      | Reached skill level 6 in Stealth
  4349 | D:5      | Reached XP level 8. HP: 31/42 MP: 9/9
  4622 | D:5      | Reached skill level 7 in Stealth
  5377 | D:6      | Found a basalt altar of Yredelemnul.
  5417 | D:6      | Found a staircase to the Ecumenical Temple.
  5451 | Temple   | Entered the Ecumenical Temple
  6165 | D:6      | Noticed a deep elf pyromancer
  6238 | D:7      | Reached skill level 8 in Stealth
  6398 | D:7      | Found a radiant altar of Vehumet.
  6478 | D:7      | Reached XP level 9. HP: 46/46 MP: 10/10
  6921 | D:7      | Reached skill level 9 in Stealth
  7067 | D:7      | Found a hide-covered altar of Uskayaw.
  7320 | D:7      | Reached skill level 5 in Fighting
  8018 | D:6      | Killed a deep elf pyromancer
  8371 | D:7      | Reached skill level 10 in Stealth
  8650 | D:7      | Reached skill level 10 in Ranged Weapons
  8650 | D:7      | Reached XP level 10. HP: 52/52 MP: 11/11
  9019 | D:8      | Noticed Maggie
  9193 | D:8      | Killed Maggie
  9480 | D:8      | Found a bloodstained altar of Trog.
  9638 | D:9      | Found an ornate altar of the Wu Jian Council.
  9988 | D:9      | Reached skill level 11 in Stealth
 10148 | D:9      | Noticed a two-headed ogre
 10199 | D:9      | Killed a two-headed ogre
 10470 | D:9      | Reached skill level 10 in Dodging
 10586 | D:9      | Found a sacrificial altar of Ru.
 11176 | D:10     | Entered Level 10 of the Dungeon
 11184 | D:10     | Found a staircase to the Lair.
 11243 | D:10     | Found Lufanamp's Weapon Shop.
 11284 | D:10     | Reached XP level 11. HP: 46/58 MP: 12/12
 11378 | D:10     | Reached skill level 12 in Stealth
 11972 | D:10     | Noticed Psyche
 12085 | D:10     | Noticed Urug
 12282 | D:10     | Found an iron altar of Okawaru.
 12290 | D:10     | Became a worshipper of Warmaster Okawaru
 12313 | D:10     | You fall into a shaft and drop 3 floors!
 12319 | D:13     | Noticed a centaur warrior
 12524 | D:13     | Shot with an arrow by a centaur warrior

Illustrated notes

Levels and vault maps discovered:
D:1:      dpeg_cavernosity, layout_basic, serial_shops, nicolae_shop_trees
D:2:      layout_loops_ring, dilly_ecumenical_altar_fadedgnrine, uniq_robin,
          uniq_crazy_yiuf_cottage
D:3:      layout_loops_ring, uniq_grinder
D:4:      layout_basic, mainiacjoe_overflow_small_starburst,
          cheibrodos_worm_habitat
D:5:      layout_gridville, mainiacjoe_overflow_catwalk, serial_shops, shop,
          minmay_quadrilaterals
D:6:      layout_basic, yredelemnul_forgotten_temple_becter,
          minmay_temple_entry_mini_moons, guppyfry_early_elven_hall
D:7:      layout_gridville, nicolae_vehumet_altar_sigil, lemuel_round_altar,
          kennysheep_generic_room_13
D:8:      layout_cave_pools, trog_hazing_becter, uniq_maggie
D:9:      layout_roguey, nicolae_ru_path_of_blood,
          nicolae_wu_jian_immortal_techniques, chequers_serial_rivers_small_3,
          minmay_misc_feat_square
D:10:     layout_roguey, okawaru_gym_becter, dpeg_oklobed_lair, st_stairs_13,
          nicolae_inconvenience_store, minmay_misc_feat_rugged,
          nrook_pool_corridor, uniq_urug, uniq_psyche
D:13:     layout_small_grid, lightli_vaults_fourway_checkpoint,
          portal_ice_cave_demonic_guard, serial_shops, kennysheep_mini_moat,
          serial_demonic, serial_demonic_b, serial_demonic_c, serial_demonic_g,
          serial_demonic_d, nicolae_shop_unique_rings, nicolae_specific_store,
          uniq_sonja, uniq_nessos
Temple:   nicolae_temple_bog_church

Skill      XL: |  1  2  3  4  5  6  7  8  9 10 11 |
---------------+----------------------------------+-----
Stealth        | 2 3 5 6 8 10 11 12 | 12.1
Dodging        | 3 4 5 6 7 8 10 | 10.5
Fighting       | 2 3 4 5 6 |  6.7
Ranged Weapons | 5 6 7 8 10 11 | 11.7

Action                   |  1- 3 |  4- 6 |  7- 9 | 10-12 || total
-------------------------+-------+-------+-------+-------++-------
Melee: Shortbow          |       |     1 |       |       ||     1
 Fire: Shortbow          |   112 |   160 |   625 |   580 ||  1477
Evoke: Wand              |       |       |     3 |       ||     3
  Use: Scroll            |       |       |     2 |     6 ||     8
Armor: Robe              |     4 |    10 |    34 |    29 ||    77
Dodge: Dodged            |    44 |    31 |   293 |   291 ||   659

Table legend: (Time is in decaauts)
 A = Elapsed time spent in this place.
 B = Non-inter-level travel time spent in this place.
 C = Inter-level travel time spent in this place.
 D = Time resting spent in this place.
 E = Time spent auto-exploring this place.
 F = Levels seen in this place.
 G = Mean time per level.
                   A        B        C        D        E       F      G
               +--------+--------+--------+--------+--------+-----+--------+
         Total |   9119 |   8659 |    460 |    337 |   5157 |  12 |  759.9 |
       Dungeon |   9002 |   8552 |    450 |    337 |   5059 |  11 |  818.4 |
        Temple |    117 |    108 |      9 |      0 |     97 |   1 |  117.0 |
               +--------+--------+--------+--------+--------+-----+--------+

Top non-repeatable levels by time:
     D:7: 1715 daAuts
     D:9: 1516 daAuts
     D:6: 935 daAuts
     D:5: 873 daAuts
     D:3: 814 daAuts
     D:4: 750 daAuts
     D:1: 584 daAuts
    D:10: 580 daAuts
     D:2: 570 daAuts
     D:8: 524 daAuts
    D:13: 134 daAuts
  Temple: 117 daAuts
